[Event "ICC tourney 2227 (30 10)"]
[Site "Internet Chess Club"]
[Date "2020.12.20"]
[Round "4"]
[White "castle2king"]
[Black "aakashjr"]
[Result "1-0"]
[ICCResult "Black resigns"]
[WhiteElo "1562"]
[BlackElo "1625"]
[Opening "Scandinavian defense"]
[ECO "B01"]
[NIC "SD.03"]
[Time "17:01:12"]
[PlyCount "161"]
[TimeControl "1800+10"]


1. e4 d5 2. exd5 Nf6 3. Nc3 Nxd5 4. Bc4 Nxc3 5. Qf3 e6 6. bxc3 Nc6 7. d4
Bd7 8. Ne2 Bd6 9. Bf4 O-O 10. O-O e5 11. Bg3 exd4 12. Bxd6 cxd6 13. cxd4
Be6 14. Bxe6 fxe6 15. Qb3 d5 16. Qxb7 Qd6 17. Qb3 Rab8 18. Qe3 Nb4 19. Rfc1
Rfc8 20. c3 Nc6 21. Nf4 Re8 22. Nd3 Na5 23. Ne5 Nc6 24. Nxc6 Qxc6 25. Rab1
Rxb1 26. Rxb1 Rc8 27. Rc1 Rb8 28. Qe2 Qb6 29. Re1 Re8 30. h3 Qa5 31. Qb2
Qb6 32. Qxb6 axb6 33. Rb1 Rb8 34. a4 Ra8 35. Rxb6 Kf7 36. Rb4 Rc8 37. Rb3
Ra8 38. Ra3 Ke7 39. Kf1 Kd6 40. Ke2 e5 41. Ke3 exd4+ 42. cxd4 Re8+ 43. Kd3
Rf8 44. f3 Ra8 45. a5 Ra6 46. Ke3 Kc6 47. Kf4 Kb5 48. Ke5 Kc4 49. f4 g6 50.
g4 Kb4 51. Ra1 Kc4 52. h4 Kc3 53. Kxd5 Kb2 54. Ra4 Kb3 55. Rc4 Rxa5+ 56.
Rc5 Ra8 57. Rc7 Kb4 58. Rxh7 Rd8+ 59. Ke5 Kc4 60. Rc7+ Kb5 61. Rc5+ Kb6 62.
Rd5 Rh8 63. Rd6+ Kc7 64. Rxg6 Rxh4 65. d5 Kd7 66. Rg7+ Ke8 67. Ke6 Rh6+ 68.
Ke5 Kf8 69. Rg5 Ke7 70. d6+ Ke8 71. Rf5 Kd7 72. Rf6 Rh8 73. Rf7+ Ke8 74.
Re7+ Kd8 75. g5 Rg8 76. Ke6 Rg6+ 77. Ke5 Rg8 78. Ra7 Rg6 79. f5 Rxg5 80.
Ke6 Kc8 81. d7+ { Black resigns } 1-0

[Event "ICC tourney 2227 (30 10)"]
[Site "Internet Chess Club"]
[Date "2020.12.20"]
[Round "4"]
[White "Laine23"]
[Black "dramaticsong"]
[Result "1-0"]
[ICCResult "Black checkmated"]
[WhiteElo "1645"]
[BlackElo "1733"]
[Opening "Sicilian: Canal-Sokolsky attack, 3...Bd7"]
[ECO "B52"]
[NIC "SI.01"]
[Time "17:01:15"]
[PlyCount "103"]
[TimeControl "1800+10"]


1. e4 c5 2. Nf3 d6 3. Bb5+ Bd7 4. Bxd7+ Qxd7 5. O-O g6 6. c3 Bg7 7. d4 cxd4
8. cxd4 e6 9. Nc3 Ne7 10. Bf4 a6 11. Qd2 O-O 12. Rfe1 d5 13. e5 Nbc6 14.
Bg5 Nf5 15. g4 Nfe7 16. Bf6 Nc8 17. h4 Nb6 18. Qf4 Nb4 19. Red1 Nc4 20. a3
Nc6 21. h5 h6 22. b3 Nb6 23. g5 Kh7 24. gxh6 Bxh6 25. hxg6+ fxg6 26. Qh4 g5
27. Qh5 Rg8 28. Nxg5+ Rxg5+ 29. Bxg5 Qg7 30. Qxh6+ Qxh6 31. Bxh6 Kxh6 32.
Kg2 Rg8+ 33. Kf3 Rf8+ 34. Ke3 Na5 35. Rh1+ Kg6 36. Rag1+ Kf7 37. Rh7+ Ke8
38. Rgg7 Nxb3 39. Rxb7 Nc4+ 40. Ke2 Nxd4+ 41. Kd1 Nc6 42. Rbc7 N4xe5 43.
Rc8+ Nd8 44. Ke2 d4 45. Ne4 Nf7 46. Rc7 d3+ 47. Kxd3 Ne5+ 48. Ke2 Ndf7 49.
Ra7 Nf3 50. Nd6+ Nxd6 51. Ra8+ Nc8 52. Rxc8# { Black checkmated } 1-0

[Event "ICC tourney 2227 (30 10)"]
[Site "Internet Chess Club"]
[Date "2020.12.20"]
[Round "4"]
[White "DespicableMe"]
[Black "Shakhmatova"]
[Result "0-1"]
[ICCResult "White forfeits on time"]
[WhiteElo "1546"]
[BlackElo "1792"]
[Opening "QP counter-gambit (elephant gambit)"]
[ECO "C40"]
[NIC "KP.10"]
[Time "17:01:25"]
[PlyCount "74"]
[TimeControl "1800+10"]


1. e4 e5 2. Nf3 d5 3. exd5 e4 4. Qe2 Nf6 5. Nc3 Be7 6. Nxe4 O-O 7. Nxf6+
Bxf6 8. Qd1 Re8+ 9. Be2 Qxd5 10. O-O Nc6 11. c3 Bg4 12. h3 Bh5 13. d4 Rad8
14. Bf4 Qe4 15. Be3 Bg6 16. Rc1 Ne7 17. Re1 Nd5 18. Bc4 Nxe3 19. Rxe3 Qc6
20. Rxe8+ Rxe8 21. Bd3 Bxd3 22. Qxd3 g6 23. Re1 Rd8 24. Nd2 Bg7 25. Re7 Bf8
26. Re1 b5 27. Ne4 Rd5 28. Re3 f5 29. Ng5 Qd7 30. Qe2 f4 31. Re5 Rd6 32.
Rxb5 h6 33. Nf3 Kh7 34. Ne5 Qe8 35. Rb7 Qc8 36. Rxa7 Bg7 37. Nd3 Re6 {
White forfeits on time } 0-1

[Event "ICC tourney 2227 (30 10)"]
[Site "Internet Chess Club"]
[Date "2020.12.20"]
[Round "4"]
[White "Fischeresque930"]
[Black "Aram99"]
[Result "1-0"]
[ICCResult "Black checkmated"]
[WhiteElo "1781"]
[BlackElo "1700"]
[Opening "Sicilian: Nimzovich-Rossolimo attack (with ...g6, without ...d6)"]
[ECO "B31"]
[NIC "SI.31"]
[Time "17:01:16"]
[PlyCount "173"]
[TimeControl "1800+10"]


1. e4 c5 2. Nf3 Nc6 3. Bb5 g6 4. Bxc6 bxc6 5. h3 Bg7 6. d3 d5 7. O-O e6 8.
c4 Rb8 9. Qe2 Ne7 10. Nc3 O-O 11. Bf4 Rb6 12. Rab1 a5 13. Na4 Rb4 14. b3 f6
15. Nxc5 e5 16. Bd2 Rb8 17. Qe1 Ra8 18. a3 f5 19. Kh2 Qd6 20. b4 fxe4 21.
dxe4 Nf5 22. cxd5 cxd5 23. Rd1 Nd4 24. Nxd4 exd4+ 25. Kh1 dxe4 26. Nxe4 Qd5
27. f3 Ba6 28. Rg1 Rae8 29. Bc3 a4 30. Qd2 Qh5 31. Ba1 Bb7 32. Nd6 Bxf3 33.
gxf3 Qxh3+ 34. Qh2 Qxf3+ 35. Qg2 Qh5+ 36. Qh2 Qxh2+ 37. Kxh2 Be5+ 38. Kg2
Bxd6 39. Rge1 Be5 40. Rd2 Bf4 41. Rde2 Rd8 42. Re7 Be3 43. R1xe3 Rf4 44.
Re8+ Rxe8 45. Rxe8+ Kf7 46. Rd8 Rg4+ 47. Kf2 Rh4 48. Rxd4 Rh2+ 49. Kg3 Ra2
50. Rf4+ Kg8 51. Bf6 Rxa3+ 52. Kg4 Rb3 53. Be7 a3 54. Rf8+ Kg7 55. Ra8 Kf7
56. Bc5 Ke6 57. Kg5 Kd5 58. Kh6 Rh3+ 59. Kg7 Kc4 60. Be7 Kb3 61. b5 Kb2 62.
Bxa3+ Kb3 63. Be7 Kc4 64. b6 Rb3 65. Bd8 g5 66. Kxh7 g4 67. Ra4+ Kb5 68.
Rxg4 Ka6 69. Bc7 Kb7 70. Kg6 Re3 71. Kf5 Re7 72. Re4 Rf7+ 73. Ke6 Rh7 74.
Kd6 Rh6+ 75. Re6 Rh5 76. Re8 Rh6+ 77. Ke7 Rh7+ 78. Kf6 Rh6+ 79. Kg7 Rc6 80.
Rb8+ Ka6 81. Kf7 Rc1 82. Ke7 Rd1 83. Rd8 Re1+ 84. Kd7 Kb7 85. Rb8+ Ka6 86.
Ra8+ Kb7 87. Ra7# { Black checkmated } 1-0

[Event "ICC tourney 2227 (30 10)"]
[Site "Internet Chess Club"]
[Date "2020.12.20"]
[Round "5"]
[White "aakashjr"]
[Black "tn285"]
[Result "1-0"]
[ICCResult "Black resigns"]
[WhiteElo "1625"]
[BlackElo "1637"]
[Opening "Giuoco Piano: Möller (Therkatz) attack"]
[ECO "C54"]
[NIC "IG.02"]
[Time "19:00:52"]
[PlyCount "49"]
[TimeControl "1800+10"]


1. e4 e5 2. Nf3 Nc6 3. Bc4 Bc5 4. c3 Nf6 5. d4 exd4 6. cxd4 Bb4+ 7. Nc3
Nxe4 8. O-O Bxc3 9. d5 Ne7 10. bxc3 d6 11. Re1 Nc5 12. Bg5 f6 13. Bh4 O-O
14. Nd4 Nf5 15. Ne6 Nxe6 16. dxe6 Qe7 17. Qh5 g6 18. Qg4 h5 19. Qxg6+ Ng7
20. Bd3 Qxe6 21. Rxe6 Bxe6 22. Qh7+ Kf7 23. Bg6+ Ke7 24. Qxg7+ Bf7 25.
Qxf6+ { Black resigns } 1-0

[Event "ICC tourney 2227 (30 10)"]
[Site "Internet Chess Club"]
[Date "2020.12.20"]
[Round "5"]
[White "ashokbidani"]
[Black "Fischeresque930"]
[Result "0-1"]
[ICCResult "White resigns"]
[WhiteElo "1593"]
[BlackElo "1781"]
[Opening "Caro-Kann: exchange variation"]
[ECO "B13"]
[NIC "CK.02"]
[Time "19:00:53"]
[PlyCount "84"]
[TimeControl "1800+10"]


1. e4 c6 2. d4 d5 3. exd5 cxd5 4. Nf3 Nc6 5. c4 Nf6 6. Nc3 e6 7. Bg5 dxc4
8. Bxc4 Be7 9. O-O O-O 10. a3 a6 11. Qd3 b5 12. Ba2 Re8 13. Rad1 Bb7 14.
Bb1 g6 15. Rfe1 Qc7 16. h4 Rad8 17. h5 b4 18. axb4 Nxb4 19. Qe3 Nbd5 20.
Qd2 Nxc3 21. bxc3 Nxh5 22. Bxe7 Qxe7 23. Qh6 Qf8 24. Qe3 Nf6 25. Ne5 Qg7
26. f3 Nd5 27. Qd2 Ne7 28. Kf2 Nc6 29. Nd3 Bc8 30. f4 h5 31. Re3 Re7 32.
Rde1 Ra7 33. Nc5 Ne7 34. f5 Nd5 35. Re5 Nf6 36. fxe6 Ng4+ 37. Kg1 Nxe5 38.
Rxe5 Qxe5 39. exf7+ Rxf7 40. Ba2 Qxc5 41. Bxf7+ Kxf7 42. Qa2+ Qd5 { White
resigns } 0-1

[Event "ICC tourney 2227 (30 10)"]
[Site "Internet Chess Club"]
[Date "2020.12.20"]
[Round "5"]
[White "Shakhmatova"]
[Black "Clairehouses"]
[Result "0-1"]
[ICCResult "White resigns"]
[WhiteElo "1792"]
[BlackElo "1577"]
[Opening "Sicilian: closed"]
[ECO "B23"]
[NIC "SI.44"]
[Time "19:00:53"]
[PlyCount "96"]
[TimeControl "1800+10"]


1. e4 c5 2. Nc3 d6 3. f4 Nf6 4. Nf3 e6 5. h3 Be7 6. g3 a6 7. a4 b6 8. Bg2
Bb7 9. d3 Nbd7 10. O-O O-O 11. Qe1 Rc8 12. e5 Ne8 13. g4 dxe5 14. fxe5 Nc7
15. Ne4 f6 16. exf6 Nxf6 17. Neg5 Qd6 18. Ne4 Nxe4 19. dxe4 e5 20. Bd2 Ne6
21. Bc3 Nd4 22. Rc1 Rce8 23. Nd2 Rxf1+ 24. Qxf1 Rf8 25. Qd3 b5 26. axb5
axb5 27. b3 Bg5 28. Rd1 Ba6 29. Bb2 c4 30. bxc4 bxc4 31. Nxc4 Qe6 32. Bf1
Rf3 33. Nxe5 Rxd3 34. Nxd3 Qxe4 35. Nf2 Be3 36. Bxa6 Bxf2+ 37. Kxf2 Qxc2+
38. Ke1 Nf3+ 39. Kf1 Qxd1+ 40. Kf2 Qd2+ 41. Kxf3 Qxb2 42. Bc4+ Kf8 43. Bd3
Ke7 44. Bxh7 Qf6+ 45. Kg3 g5 46. Bf5 Kd6 47. Kf3 Qc3+ 48. Kg2 Ke5 { White
resigns } 0-1

[Event "ICC tourney 2227 (30 10)"]
[Site "Internet Chess Club"]
[Date "2020.12.20"]
[Round "5"]
[White "dramaticsong"]
[Black "MikeWMason"]
[Result "1/2-1/2"]
[ICCResult "Game drawn by mutual agreement"]
[WhiteElo "1733"]
[BlackElo "1761"]
[Opening "Queen's pawn: London system"]
[ECO "A45"]
[NIC "QP.07"]
[Time "19:00:50"]
[PlyCount "123"]
[TimeControl "1800+10"]


1. d4 Nf6 2. Bf4 c5 3. d5 b5 4. Nc3 b4 5. Nb1 d6 6. c4 g6 7. Nd2 Bg7 8. Qc2
O-O 9. Ngf3 Nbd7 10. e4 Ng4 11. h3 Nge5 12. Nxe5 Nxe5 13. Bxe5 Bxe5 14. Nf3
Bg7 15. Bd3 e6 16. O-O exd5 17. exd5 Qf6 18. b3 Bxh3 19. Be4 Bg4 20. Nh2
Bd7 21. Rae1 a5 22. f4 Qd4+ 23. Kh1 f5 24. Nf3 Qc3 25. Bd3 Rfe8 26. Qb1
Rxe1 27. Rxe1 Re8 28. Rxe8+ Bxe8 29. Ng5 Qa1 30. Qxa1 Bxa1 31. Ne6 h6 32.
Nd8 Kf8 33. Nb7 Ke7 34. Nxa5 Kd8 35. Nc6+ Bxc6 36. dxc6 Kc7 37. g4 Kxc6 38.
gxf5 gxf5 39. Bxf5 Bc3 40. Kg2 Bd2 41. Be4+ Kc7 42. Kf3 Kd7 43. Bf5+ Ke7
44. Kg4 Kf6 45. Be4 h5+ 46. Kg3 h4+ 47. Kxh4 Bxf4 48. Kg4 Ke5 49. Bc6 Bh6
50. Kh5 Bd2 51. Kg6 Kd4 52. Kf5 Kc3 53. Ke6 Bf4 54. Kd5 Kb2 55. Ba4 Kxa2
56. Ke4 Be5 57. Kd3 Kb2 58. Kd2 Bg3 59. Kd3 Kc1 60. Ke4 Kd2 61. Kf3 Bh2 62.
Ke4 { Game drawn by mutual agreement } 1/2-1/2

[Event "ICC tourney 2227 (30 10)"]
[Site "Internet Chess Club"]
[Date "2020.12.20"]
[Round "5"]
[White "Ananya22609"]
[Black "DespicableMe"]
[Result "0-1"]
[ICCResult "White checkmated"]
[WhiteElo "1593"]
[BlackElo "1546"]
[Opening "French: advance, Paulsen attack"]
[ECO "C02"]
[NIC "FR.03"]
[Time "19:00:55"]
[PlyCount "102"]
[TimeControl "1800+10"]


1. e4 e6 2. d4 d5 3. e5 c5 4. c3 Nc6 5. Nf3 cxd4 6. cxd4 f6 7. Nc3 Be7 8.
Bd3 a6 9. O-O Bd7 10. Bf4 Rc8 11. Rc1 Bb4 12. a3 Bxc3 13. bxc3 fxe5 14.
dxe5 Nge7 15. Qe2 O-O 16. Bxh7+ Kxh7 17. Ng5+ Kg8 18. g3 Rxf4 19. gxf4 Nf5
20. Qh5 Nh6 21. Kh1 Ne7 22. Rg1 Qe8 23. Qh3 Nef5 24. Nf3 Kf8 25. Nd4 Bc6
26. Rg5 Rc7 27. Rcg1 Nxd4 28. cxd4 Nf5 29. Qh7 Rf7 30. Qh3 Ke7 31. Qc3 Kd7
32. Qc5 Qe7 33. Qxe7+ Kxe7 34. h4 Kf8 35. h5 Nxd4 36. R1g4 Nf3 37. Rg6 d4
38. h6 Nxe5+ 39. Kg1 Nxg6 40. Rxg6 gxh6 41. Rxe6 Kg7 42. Rd6 Rxf4 43. Kf1
h5 44. Kg1 h4 45. Kf1 h3 46. Kg1 Bg2 47. Rd7+ Kf6 48. Rd8 Ke7 49. Rg8 Re4
50. Rg3 Re1+ 51. Kh2 Rh1# { White checkmated } 0-1